 Dungeon Crawl Stone Soup version 0.31-a0-188-g5e087ee2ca (webtiles) character file.

Game seed: 2191134237267094014

2 qw the Shooter (level 1, 0/12 HPs)
             Began as a Deep Elf Hunter on June 22, 2023.
             Slain by a kobold
             ... wielding a +1 short sword of protection
              (3 damage)
             ... on level 1 of the Dungeon.
             The game lasted 00:00:01 (53 turns).

qw the Shooter (Deep Elf Hunter)                      Turns: 53, Time: 00:00:02

Health: 0/12       AC:  3    Str:  8    XL:     1   Next: 25%
Magic:  3/3        EV: 12    Int: 13    God:
Gold:   0          SH:  0    Dex: 18    Spells: 0/0 levels left

rFire   . . .        a - +0 shortbow
rCold   . . .        (shield currently unavailable)
rNeg    . . .        c - +0 leather armour
rPois   .            (no helmet)
rElec   .            (no cloak)
rCorr   .            (no gloves)
SInv    .            (no boots)
Will    .....        (no amulet)
Stlth   ++           (no ring)
HPRegen 0.22/turn    (no ring)
MPRegen 0.08/turn

%: no passive effects
@: no status effects
A: no striking features
a: no special abilities


You were on level 1 of the Dungeon.
You visited 1 branch of the dungeon, and saw 1 of its levels.


   Skills:
 - Level 1.5 Fighting
 + Level 5.4 Ranged Weapons
 - Level 2.4 Dodging
 - Level 1.2 Stealth


You couldn't memorise any spells.
You didn't know any spells.
Your spell library was empty.

Inventory:

Hand Weapons
 a - a +0 shortbow (weapon)
Armour
 c - a +0 leather armour (worn)
Scrolls
 b - a scroll of butterflies
Potions
 d - a potion of curing {unknown}

Dungeon Overview and Level Annotations

Branches:
Dungeon (1/15)

Altars:


Message History

A bat and a rat come into view.
Found a spear.
You see here 8 gold pieces.
You shoot an arrow. The arrow hits the rat!
You kill the rat!
You shoot an arrow.
The arrow hits the bat but does no damage.
A kobold comes into view.
It is wielding a +1 short sword of protection.
You shoot an arrow. The arrow closely misses the bat.
The kobold shouts!
You hear a shout!
You shoot an arrow. The arrow closely misses the bat.
The bat barely misses you.
A hobgoblin comes into view.
You shoot an arrow. The arrow misses the bat.
The bat hits you but does no damage.
A ball python comes into view.
You shoot an arrow. The arrow misses the bat.
The bat hits you but does no damage.
You shoot an arrow. The arrow closely misses the hobgoblin.
The bat hits you but does no damage.
You shoot an arrow. The arrow barely misses the hobgoblin.
The bat hits you but does no damage. The hobgoblin hits you.
The hobgoblin barely misses you.
You shoot an arrow. The arrow hits the hobgoblin.
The hobgoblin is almost dead.
You hear a shout!
The bat barely misses you.
A goblin comes into view. It is wielding a +0 club.
The hobgoblin hits you.
You shoot an arrow. The arrow closely misses the hobgoblin.
The bat hits you but does no damage.
The hobgoblin hits you but does no damage.
The bat closely misses you.
The kobold hits you with a +1 short sword of protection.
You shoot an arrow. The arrow hits the hobgoblin!
You kill the hobgoblin!
The bat barely misses you.
The kobold hits you with a +1 short sword of protection.
You die...

.# . .# #.#.# .##
######.#.# .
#.#######........## .#
##......#.........# ..
.##.###..........# %#
..##....#........# ..
...####.#........#g###.#
.....##.........@S......
.8.8.####....#..bK...###
..8..#....##...##.##....
.8.8.#.#..####.# ..# .##
.....#..... #...)...
######..... ..###....
........ ... ....#
........##.. ....#


You could see a goblin, a bat, a ball python and a kobold.

Vanquished Creatures
  2 hobgoblins (D:1)
  A rat (D:1)
3 creatures vanquished.

Notes
Turn   | Place    | Note
-------+----------+-------------------------------------------
     0 | D:1      | qw the Deep Elf Hunter began the quest for the Orb.
     0 | D:1      | Reached XP level 1. HP: 12/12 MP: 3/3
     0 | D:1      | 0 ||| qw: Version: 0.3-a-9-g12657ce
     0 | D:1      | 0 ||| qw: Game counter: 2823
     0 | D:1      | 0 ||| qw: Always use a shield: true
     0 | D:1      | 0 ||| qw: God list: Okawaru
     0 | D:1      | 0 ||| qw: Allow faded altars: false
     0 | D:1      | 0 ||| qw: Do Orc after D:15 true
     0 | D:1      | 0 ||| qw: Do second Lair branch before Depths: true
     0 | D:1      | 0 ||| qw: Lair rune preference: random
     0 | D:1      | 0 ||| qw: Plans: Normal
     0 | D:1      | 0 ||| PLANNING D:1-11
    52 | D:1      | HP: 3/12 [kobold/+1 short sword of protection (3)]
    53 | D:1      | Slain by a kobold

Levels and vault maps discovered:
D:1:      ncdulo_halloftheorcs, layout_rooms,
          hellmonk_ecumenical_altar_watching_god, minmay_indecisive_spiral

Action                     || total
---------------------------++-------
   Fire: Shortbow          ||    15
 Armour: Leather armour    ||     6
  Dodge: Dodged            ||     6

Table legend:
 A = Non-vault XP
 B = Vault XP
 C = Vault XP percentage of total XP
 D = Non-vault monster count
 E = Vault monster count
 F = Vault count percentage of total count
                 A         B        C        D         E       F
            +---------+---------+-------+---------+---------+-------
      Total |       2 |       3 |  60.0 |       1 |       2 |  66.7
            +---------+---------+-------+---------+---------+-------
        D:1 |       2 |       3 |  60.0 |       1 |       2 |  66.7
            +---------+---------+-------+---------+---------+-------
